Map: Dusk Towers

Players

SortOf

  • Race: Zerg Zerg
  • League: Master

Neeblet (Neeb) - Winner!

  • Race: Protoss Protoss
  • League: Grandmaster

Event: DreamHack ZOWIE Open Leipzig

VOD

Have the link to the VOD?

Description

Time

  • Played on: Jan. 22, 2016, 9:20 a.m.
  • Length: 11:03

All games in this series

Show
View Real Time Build Order
Export as new Build Order

SortOf Zerg 

Build Orders: 3 Hatch before Pool, Lurkers 

Get SALT Encoding   

  12  0:00  Drone  
  13  0:14  Overlord  
  13  0:19  Drone  
  14  0:34  Drone x2  
  16  0:39  Drone  
  17  0:48  Drone  
  18  0:56  Hatchery  
  17  0:59  Drone  
  18  1:19  Hatchery  
  18  1:22  Drone  
  18  1:25  Drone  
  18  1:29  Extractor  
  18  1:31  Drone  
  19  1:44  Spawning Pool  
  19  1:47  Drone  
  19  1:52  Drone  
  20  2:02  Drone  
  21  2:09  Drone  
  21  2:14  Drone  
  23  2:21  Drone  
  24  2:31  Queen x2  
  24  2:32  Zergling x6  
  24  2:36  Metabolic Boost  
  31  2:42  Drone x2  
  33  2:46  Overlord  
  33  2:51  Overlord  
  33  3:03  Drone  
  33  3:04  Zergling x2  
  34  3:06  Queen, Zergling x2  
  34  3:10  Overlord  
  34  3:11  Drone  
  38  3:15  Drone  
  38  3:17  Spore Crawler  
  37  3:22  Drone  
  39  3:28  Drone x3  
  39  3:32  Queen  
  44  3:35  Overlord  
  44  3:40  Drone x2  
  46  3:42  Drone x2  
  46  3:46  Queen  
  50  3:53  Drone x2  
  50  3:54  Overlord  
  52  4:01  Drone  
  52  4:02  Roach Warren  
  52  4:03  Drone  
  52  4:09  Drone x4  
  57  4:15  Queen  
  57  4:16  Overlord  
  59  4:20  Drone x2  
  59  4:23  Overlord  
  61  4:25  Zergling x4  
  61  4:26  Zergling x2  
  61  4:31  Lair, Extractor  
  64  4:32  Drone  
  64  4:38  Overlord, Drone  
  64  4:39  Drone x2  
  64  4:43  Overlord  
  64  4:44  Drone  
  64  4:45  Drone  
  68  4:48  Zergling x4  
  68  4:49  Overlord  
  68  4:52  Roach  
  72  4:55  Zergling x2  
  73  5:00  Roach x4  
  73  5:05  Zergling x2  
  73  5:06  Zergling x6  
  85  5:12  Zergling x8  
  87  5:19  Zergling x2  
  84  5:25  Zergling x4  
  84  5:27  Extractor  
  80  5:28  Extractor  
  80  5:29  Roach x6  
  80  5:30  Zergling x2  
  80  5:31  Roach  
  89  5:38  Zergling x8  
  83  5:50  Roach  
  83  5:51  Roach  
  83  5:53  Zergling x4  
  87  5:57  Zergling x2  
  87  6:02  Zergling x10  
  93  6:10  Zergling x6  
  96  6:14  Overlord  
  96  6:18  Ravager x3  
  97  6:22  Zergling x4  
  97  6:23  Ravager  
  98  6:28  Zergling x4  
  98  6:32  Ravager  
  95  6:34  Zergling x8  
  95  6:35  Zergling x6  
  97  6:45  Drone  
  97  6:46  Drone  
  84  6:49  Drone x4  
  84  6:52  Drone  
  80  6:57  Drone x3  
  80  7:00  Drone x2  
  79  7:04  Drone  
  78  7:09  Hydralisk Den  
  78  7:10  Drone  
  78  7:14  Spore Crawler x2  
  76  7:16  Spore Crawler  
  76  7:17  Drone  
  76  7:19  Drone  
  76  7:21  Drone  
  78  7:24  Drone x2  
  78  7:27  Drone  
  78  7:28  Drone  
  81  7:31  Drone  
  81  7:32  Drone x2  
  81  7:36  Drone x2, Extractor  
  81  7:37  Drone  
  85  7:40  Hydralisk  
  82  7:45  Hydralisk x2  
  82  7:48  Hydralisk  
  88  7:54  Lurker Den  
  88  7:56  Drone x3  
  88  7:57  Hydralisk  
  93  8:03  Drone  
  93  8:04  Drone x3  
  97  8:09  Overlord, Extractor  
  93  8:20  Overlord  
  93  8:23  Overlord  
  93  8:24  Drone x2  
  93  8:25  Overlord  
  95  8:28  Hydralisk  
  95  8:29  Hydralisk x4  
  105  8:46  Drone x2  
  105  8:48  Evolution Chamber x2, Drone x4  
  109  8:52  Hydralisk  
  109  8:55  Hatchery, Drone  
  108  8:56  Drone  
  108  8:59  Drone  
  108  9:00  Drone x2  
  108  9:01  Hydralisk  
  109  9:13  Spore Crawler, Hydralisk  
  109  9:14  Hydralisk x2  
  114  9:21  Drone x3  
  114  9:23  Lurker x4  
  114  9:24  Lurker  
  122  9:26  Overlord  
  122  9:31  Overseer  
  122  9:37  Infestation Pit  
  120  9:40  Drone x3  
  120  9:42  Lurker  
  124  9:47  Drone x3  
  124  9:50  Queen  
  127  9:57  Drone x2  
  127  9:58  Hydralisk x2  
  132  10:00  Spore Crawler  
  132  10:05  Spore Crawler  
  130  10:10  Drone  
  130  10:11  Drone x4  
  131  10:18  Lurker x4  
  131  10:19  Lurker  
  136  10:26  Overlord  
  136  10:27  Hydralisk  
  138  10:29  Zergling x2  
  138  10:33  Hydralisk x2  
  143  10:44  Overlord  
  143  10:46  Zergling x2  
Show
View Real Time Build Order
Export as new Build Order

Neeblet Protoss - Winner!

Build Orders: 1 Gate Expand 

Get SALT Encoding   

  12  0:00  Probe (Chrono Boost)  
  13  0:11  Probe (Chrono Boost)  
  14  0:17  Pylon  
  14  0:22  Probe (Chrono Boost)  
  16  0:35  Probe (Chrono Boost)  
  16  0:37  Gateway  
  16  0:46  Probe (Chrono Boost)  
  17  0:56  Probe (Chrono Boost)  
  18  0:58  Assimilator  
  18  1:07  Probe (Chrono Boost)  
  19  1:19  Nexus  
  19  1:29  Cybernetics Core  
  19  1:32  Probe (Chrono Boost)  
  20  1:37  Assimilator  
  20  1:43  Probe (Chrono Boost)  
  21  1:49  Pylon  
  21  1:53  Probe (Chrono Boost)  
  22  2:03  Probe (Chrono Boost)  
  22  2:05  Warp Gate  
  22  2:07  Adept (Chrono Boost)  
  25  2:15  Probe  
  26  2:26  Twilight Council  
  26  2:27  Probe (Chrono Boost)  
  27  2:30  Adept (Chrono Boost)  
  27  2:33  Probe (Chrono Boost)  
  30  2:39  Probe (Chrono Boost)  
  30  2:43  Probe (Chrono Boost)  
  32  2:49  Probe (Chrono Boost)  
  33  2:54  Probe (Chrono Boost)  
  34  3:00  Probe (Chrono Boost)  
  34  3:03  Resonating Glaives (Chrono Boost), Probe (Chrono Boost)  
  36  3:10  Gateway  
  36  3:13  Stalker, Gateway  
  36  3:16  Probe  
  36  3:18  Probe  
  40  3:28  Probe x2  
  40  3:30  Pylon  
  42  3:36  Assimilator  
  42  3:39  Probe  
  42  3:40  Probe  
  44  3:41  Assimilator  
  44  3:46  Pylon  
  44  3:49  Probe  
  44  3:52  Probe  
  46  4:00  Probe  
  47  4:05  Probe  
  47  4:06  Stargate  
  47  4:07  Adept  
  47  4:08  Adept, Stargate  
  47  4:09  Adept  
  54  4:10  Probe  
  54  4:17  Probe  
  56  4:21  Probe  
  57  4:24  Pylon  
  57  4:28  Pylon  
  57  4:29  Probe  
  58  4:35  Adept x2  
  62  4:41  Probe  
  62  4:45  Mothership Core  
  65  4:50  Nexus  
  65  4:52  Probe  
  65  4:56  Phoenix (Chrono Boost)  
  68  5:00  Phoenix (Chrono Boost)  
  68  5:04  Probe  
  68  5:06  Probe  
  72  5:14  Pylon  
  72  5:16  Probe  
  72  5:20  Phoenix (Chrono Boost)  
  75  5:22  Probe  
  75  5:23  Phoenix (Chrono Boost)  
  78  5:29  Probe  
  75  5:37  Probe  
  75  5:42  Phoenix (Chrono Boost)  
  76  5:44  Probe, Pylon, Phoenix (Chrono Boost)  
  76  5:45  Pylon  
  75  5:52  Probe  
  75  5:56  Robotics Facility  
  72  5:57  Probe, Forge  
  72  6:00  Sentry x2  
  72  6:03  Phoenix (Chrono Boost)  
  80  6:04  Probe  
  80  6:09  Probe  
  80  6:10  Stalker  
  84  6:12  Phoenix (Chrono Boost)  
  84  6:18  Pylon  
  85  6:19  Pylon  
  85  6:24  Stalker  
  87  6:25  Adept  
  87  6:28  Phoenix (Chrono Boost)  
  87  6:31  Probe x2  
  93  6:37  Probe  
  94  6:41  Adept  
  94  6:43  Probe  
  94  6:45  Probe  
  96  6:47  Probe, Adept x2  
  101  6:55  Probe  
  101  6:57  Probe  
  103  7:01  Pylon  
  103  7:03  Probe, Pylon  
  103  7:04  Protoss Ground Weapons Level 1 (Chrono Boost)  
  103  7:07  Probe  
  105  7:09  Probe, Immortal  
  105  7:13  Probe  
  105  7:15  Assimilator  
  107  7:20  Assimilator  
  107  7:21  Sentry x2, Adept  
  107  7:22  Probe, Charge  
  114  7:24  Probe  
  114  7:26  Probe  
  116  7:34  Probe  
  116  7:35  Probe  
  118  7:38  Probe  
  119  7:46  Probe  
  119  7:50  Gateway  
  124  7:52  Gateway  
  124  7:53  Gateway x2, Observer  
  124  7:57  Gateway, Zealot x2  
  125  8:00  Pylon x2  
  125  8:02  Pylon  
  125  8:09  Robotics Facility  
  125  8:10  Templar Archives  
  125  8:13  Immortal, Pylon  
  125  8:16  Pylon  
  129  8:22  Pylon x2  
  129  8:23  Pylon  
  129  8:36  Oracle x2  
  129  8:41  Nexus  
  135  8:44  Pylon  
  135  8:45  Pylon  
  135  8:47  Immortal  
  140  8:55  Probe  
  140  8:59  Zealot x2, High Templar x2  
  140  9:00  Zealot x2  
  152  9:05  Protoss Ground Weapons Level 2 (Chrono Boost)  
  152  9:08  Archon  
  152  9:14  Immortal  
  156  9:19  Zealot x2  
  156  9:21  Probe x3, Immortal  
  163  9:24  Assimilator  
  163  9:25  High Templar  
  163  9:26  Zealot x2, High Templar  
  163  9:29  Assimilator  
  163  9:30  Archon  
  175  9:32  Photon Cannon  
  175  9:55  Immortal, High Templar x2  
  175  9:56  Zealot x4  
  175  9:59  Warp Prism  
  189  10:01  Archon  
  189  10:06  Gateway  
  193  10:07  Gateway  
  193  10:08  Gateway  
  193  10:09  Gateway  
  193  10:19  High Templar x3  
  199  10:24  High Templar  
  199  10:26  Archon  
  200  10:35  Archon  
  170  11:00  Zealot  
  170  11:01  Zealot x7  

Tags
 
Add a new tag
Caveats
  • Supply blocks, unpowered buildings, or Contaminate may cause inaccurate times.
  • Supply counts are checked every 10 seconds.